 Dungeon Crawl Stone Soup version 0.21.1-1-g345015f (webtiles) character file.

60 Iko the Charmwright (level 3, -2/35 HPs)
             Began as a Troll Skald on June 17, 2018.
             Slain by an orc
             ... wielding a +0 dagger
              (4 damage)
             ... on level 3 of the Dungeon.
             The game lasted 00:05:47 (495 turns).

Iko the Charmwright (Troll Skald)                    Turns: 495, Time: 00:05:48

Health: -2/35      AC:  5    Str: 19    XL:     3   Next: 80%
Magic:  3/4        EV: 10    Int: 10    God:
Gold:   61         SH:  0    Dex:  9    Spells: 2/5 levels left

rFire    . . .     SeeInvis .   a - +0 hand axe
rCold    . . .     Gourm    +   (no shield)
rNeg     . . .     Faith    .   b - +0 robe
rPois    .         Spirit   .   (helmet restricted)
rElec    .         Reflect  .   (no cloak)
rCorr    .         Harm     .   (gloves unavailable)
MR       .....                  (boots unavailable)
Stlth    +.........             (no amulet)
HPRegen  0.51/turn              (no ring)
MPRegen  0.09/turn              (no ring)

@: singing (expiring)
A: large, unfitting armour, claws 3, fast metabolism 3, gourmand, regeneration
1, shaggy fur 1, tough skin 2
a: no special abilities


You were on level 3 of the Dungeon.
You were not hungry.

You visited 1 branch of the dungeon, and saw 3 of its levels.

You collected 61 gold pieces.

Inventory:

Hand Weapons
 a - a +0 hand axe (weapon)
Armour
 b - a +0 robe (worn)
Potions
 e - a potion of magic
Books
 c - a book of Battle

   Spells                             Type                      Level
   a - Infusion                       Charms                       1
   b - Shroud of Golubria             Charms/Translocation         2
   c - Song of Slaying                Charms                       2
   d - Spectral Weapon                Hexes/Charms                 3
   e - Regeneration                   Charms/Necromancy            3
Comestibles
 d - 2 rations


   Skills:
 + Level 2.0 Fighting
 + Level 2.2 Axes
 + Level 2.2 Dodging
 + Level 1.5 Spellcasting
 + Level 2.2 Charms


You had 2 spell levels left.
You knew the following spells:

 Your Spells              Type           Power        Failure   Level  Hunger
a - Infusion              Chrm           #...         13%         1    ##.....
b - Song of Slaying       Chrm           #.......     21%         2    ###....


Dungeon Overview and Level Annotations

Branches:
Dungeon (3/15)

Altars:
Dithmenos


Innate Abilities, Weirdness & Mutations

You are too large for most types of armour.
You have claws for hands.
Your metabolism is lightning-fast.
You like to eat raw meat.
Your natural rate of healing is unusually fast.
You are covered in fur. (AC +1)
You have very tough skin. (AC +2)


Message History

You hit the orc priest but do no damage.
The orc priest is almost dead.
You closely miss the orc. You hit the orc but do no damage.
The orc closely misses you. x2; The orc priest hits you.
* * * LOW HITPOINT WARNING * * *
The orc barely misses you.
You hit the orc priest.
You kill the orc priest!
Your Fighting skill increases to level 2!
Your Axes skill increases to level 2!
You hit the orc. x2; The orc hits you with a whip.
* * * LOW HITPOINT WARNING * * *
The orc closely misses you. The orc hits you with a whip.
* * * LOW HITPOINT WARNING * * *
You hit the orc but do no damage.
The orc is severely wounded.
You closely miss the orc.
Your song is almost over.
The orc hits you with a dagger.
You die...

### #.. #.# # .o# .#
#b###.##.# #o#......# ##
###o#.# #..# .. #§o@†.#
#..# #.#§_...###..#
#..§§........##
#####......†..####.
..........>.........
#################.#######
######..<# #.# .......#.#
#.# ######...# #.#


You could see 4 orcs and a bat.

Vanquished Creatures
  An orc priest (D:3)
  A worm (D:2)
  2 dart slugs
  A leopard gecko (D:2)
  A bat (D:2)
  5 goblins (D:3)
  5 hobgoblins
  A quokka (D:2)
  A frilled lizard (D:2)
  4 rats
22 creatures vanquished.

Notes
Turn   | Place    | Note
-------+----------+-------------------------------------------
     0 | D:1      | Iko the Troll Skald began the quest for the Orb.
     0 | D:1      | Reached XP level 1. HP: 19/19 MP: 1/1
   225 | D:1      | You fall through a shaft!
   294 | D:2      | Reached XP level 2. HP: 11/28 MP: 0/2
   302 | D:2      | Learned a level 2 spell: Song of Slaying
   459 | D:3      | Found a shadowy altar of Dithmenos.
   467 | D:3      | Reached XP level 3. HP: 34/35 MP: 4/4
   494 | D:3      | HP: 1/35 [orc/whip (2)]
   495 | D:3      | Slain by an orc

Skill      XL: |  1  2  3 |
---------------+----------+-----
Dodging        | 2 |  2.2
Fighting       | 2 |  2.0
Axes           | 2 |  2.2
Spellcasting   | |  1.5
Charms         | |  2.2

Action                   || total
-------------------------++-------
Melee: Hand axe          ||    77
 Cast: Infusion          ||     1
       Song of Slaying   ||     2
  Use: Potion            ||     1
       Scroll            ||     1
  Eat: Ration            ||     1
Armor: Robe              ||    20
Dodge: Dodged            ||    48
